Map: [ESL] Hard Lead

Players

Nanami - Winner!

  • Race: Protoss Protoss
  • Spawn Location: 5:00

XYXY (XY)

  • Race: Terran Terran
  • Spawn Location: 11:00

Event: ESL SC2 Masters 2023 Winter (Regional)

VOD

Have the link to the VOD?

Description

Time

  • Played on: Nov. 5, 2023, 6:54 a.m.
  • Length: 12:03

All games in this series

Show
View Real Time Build Order
Export as new Build Order

Nanami Protoss - Winner!

Build Orders: 1 Gate Expand, Phoenix Opening, Blink Stalkers 

Get SALT Encoding   

  12  0:00  Probe  
  13  0:12  Probe  
  14  0:18  Pylon  
  14  0:24  Probe (Chrono Boost)  
  15  0:36  Gateway  
  15  0:37  Probe (Chrono Boost)  
  16  0:44  Probe (Chrono Boost)  
  16  0:45  Assimilator  
  17  0:52  Probe  
  18  1:04  Probe  
  19  1:16  Probe  
  20  1:23  Cybernetics Core  
  20  1:31  Nexus  
  20  1:34  Probe  
  21  1:41  Pylon  
  21  1:48  Assimilator  
  21  1:50  Probe  
  22  1:56  Adept (Chrono Boost)  
  24  2:01  Warp Gate  
  24  2:02  Probe  
  25  2:14  Probe  
  26  2:18  Twilight Council  
  26  2:25  Stalker (Chrono Boost)  
  26  2:26  Probe  
  29  2:38  Probe  
  29  2:43  Probe  
  31  2:50  Probe  
  32  2:51  Blink (Chrono Boost)  
  32  2:55  Probe  
  32  2:58  Gateway  
  33  3:02  Probe  
  34  3:07  Probe  
  35  3:14  Sentry, Probe  
  35  3:19  Probe  
  39  3:20  Pylon  
  39  3:26  Probe  
  40  3:31  Probe  
  41  3:38  Robotics Facility, Probe  
  40  3:43  Probe  
  40  3:45  Phoenix  
  41  3:51  Stalker, Probe  
  41  3:54  Stalker  
  46  4:02  Pylon  
  46  4:03  Probe  
  46  4:05  Nexus, Probe  
  47  4:15  Probe  
  48  4:17  Assimilator, Stalker x2  
  53  4:24  Pylon, Probe  
  53  4:26  Observer  
  53  4:27  Probe  
  55  4:36  Forge, Probe  
  56  4:39  Probe  
  57  4:48  Gateway, Probe (Chrono Boost)  
  57  4:49  Observer  
  57  4:50  Gateway  
  57  4:51  Probe (Chrono Boost)  
  60  4:59  Probe (Chrono Boost)  
  62  5:01  Gateway, Probe (Chrono Boost)  
  62  5:02  Gateway  
  62  5:04  Protoss Ground Weapons Level 1 (Chrono Boost), Probe (Chrono Boost)  
  62  5:06  Probe (Chrono Boost)  
  63  5:08  Charge  
  64  5:14  Probe  
  64  5:16  Probe  
  64  5:17  Probe  
  64  5:20  Gateway  
  67  5:25  Gateway  
  67  5:26  Probe  
  68  5:29  Probe x2  
  68  5:31  Shield Battery  
  68  5:35  Shield Battery  
  70  5:39  Sentry x2, Probe  
  70  5:42  Pylon, Probe  
  77  5:45  Stalker  
  77  5:49  Stalker  
  80  5:51  Pylon  
  80  5:55  Pylon  
  80  5:57  Stalker x2  
  82  6:01  Pylon  
  84  6:04  Stalker  
  84  6:05  Probe  
  84  6:06  Probe x2  
  84  6:11  Zealot x2  
  93  6:12  Assimilator  
  93  6:17  Zealot x2  
  97  6:23  Zealot, Photon Cannon  
  99  6:25  Shield Battery  
  99  6:29  Zealot x2  
  103  6:39  Stalker  
  105  6:40  Stalker x3  
  105  6:47  Zealot x2  
  115  6:48  Protoss Ground Armor Level 1 (Chrono Boost)  
  115  6:53  Pylon  
  115  6:56  Zealot  
  117  7:09  Warp Prism (Chrono Boost)  
  117  7:10  Pylon  
  119  7:17  Probe, Robotics Bay  
  119  7:18  Probe x2  
  122  7:27  Nexus  
  120  7:30  Pylon  
  120  7:37  Probe, Pylon  
  120  7:41  Probe x2  
  117  7:47  Pylon  
  117  7:49  Photon Cannon  
  117  7:50  Probe  
  118  7:51  Robotics Facility  
  118  7:52  Pylon  
  118  7:53  Probe  
  118  7:55  Forge  
  118  7:56  Shield Battery  
  118  7:58  Photon Cannon  
  119  8:04  Extended Thermal Lance  
  119  8:05  Colossus (Chrono Boost)  
  125  8:07  Protoss Ground Weapons Level 2 (Chrono Boost), Zealot x6  
  125  8:12  Zealot x2  
  141  8:13  Observer  
  137  8:20  Shield Battery  
  137  8:22  Photon Cannon  
  137  8:24  Observer  
  129  8:31  Zealot x4  
  135  8:35  Colossus (Chrono Boost)  
  139  8:46  Protoss Ground Armor Level 2 (Chrono Boost)  
  139  8:47  Zealot x4  
  153  8:56  Colossus (Chrono Boost)  
  151  9:09  Gateway  
  151  9:10  Gateway  
  151  9:12  Photon Cannon  
  151  9:14  Colossus (Chrono Boost)  
  149  9:28  Nexus  
  149  9:30  Templar Archives, Pylon  
  149  9:36  Assimilator, Pylon  
  149  9:37  Pylon  
  149  9:40  Probe x2  
  149  9:41  Observer (Chrono Boost), Probe x2  
  155  9:52  Probe  
  155  9:57  Probe  
  156  10:04  Stalker x3  
  156  10:05  Zealot x6, Stalker  
  174  10:10  Disruptor  
  168  10:20  Disruptor  
  176  10:29  Gateway  
  176  10:31  Gateway  
  176  10:33  Photon Cannon, Shield Battery  
  176  10:36  Pylon  
  176  10:39  Zealot x4  
  176  10:40  Zealot x6  
  192  10:55  Disruptor  
  192  10:56  Disruptor  
  191  11:00  Zealot x4  
  183  11:15  Zealot x6  
  193  11:20  Pylon  
  193  11:23  Photon Cannon  
  193  11:24  Photon Cannon  
  185  11:26  Shield Battery  
  185  11:31  Stalker  
  185  11:32  Stalker x5  
  195  11:47  Zealot x2  
  189  11:56  Stalker x4  
  189  11:57  Stalker x3  
Show
View Real Time Build Order
Export as new Build Order

XYXY Terran 

Build Orders: Cyclone Opening, Reaper Expand 

Get SALT Encoding   

  12  0:00  SCV  
  13  0:12  SCV  
  14  0:16  Supply Depot  
  14  0:24  SCV  
  15  0:38  SCV  
  15  0:40  Barracks  
  15  0:42  Refinery  
  16  0:50  SCV  
  17  1:02  SCV  
  18  1:14  SCV  
  19  1:26  Reaper  
  19  1:27  Orbital Command  
  20  1:37  Command Center  
  20  1:46  Supply Depot  
  20  1:53  SCV  
  21  1:58  Marine  
  22  2:02  Factory  
  22  2:05  SCV  
  23  2:13  Bunker  
  23  2:17  Marine, SCV  
  25  2:24  Refinery  
  25  2:29  SCV  
  26  2:35  Barracks Reactor  
  26  2:41  SCV  
  27  2:48  Cyclone  
  27  2:50  Orbital Command  
  29  2:53  SCV  
  29  2:54  Barracks  
  30  3:05  SCV  
  31  3:12  Marine x2  
  33  3:16  SCV  
  33  3:17  SCV  
  35  3:20  Factory Tech Lab  
  35  3:28  SCV  
  35  3:29  Marine, SCV  
  35  3:30  Marine  
  35  3:32  Barracks  
  39  3:36  Supply Depot  
  39  3:40  SCV  
  40  3:43  SCV  
  40  3:47  Supply Depot  
  41  3:49  Factory Tech Lab  
  41  3:52  SCV  
  41  3:54  Marine x2  
  41  3:55  Stimpack, Marauder  
  46  3:58  SCV  
  46  4:04  SCV  
  46  4:08  Engineering Bay  
  47  4:10  SCV  
  47  4:11  Starport  
  47  4:16  SCV  
  49  4:19  Refinery  
  49  4:22  SCV  
  50  4:24  Factory Reactor  
  50  4:28  SCV  
  50  4:30  Supply Depot  
  51  4:34  SCV  
  51  4:35  Combat Shield, Marauder x2, Marine x2  
  58  4:40  Terran Infantry Weapons Level 1  
  58  4:42  SCV  
  59  4:46  SCV  
  59  4:50  Supply Depot  
  60  4:53  Supply Depot  
  60  4:54  SCV  
  60  4:58  SCV  
  62  5:03  Medivac  
  62  5:04  Marine x2, Medivac  
  62  5:06  SCV  
  69  5:09  Refinery  
  69  5:12  Marauder x2  
  69  5:13  Supply Depot  
  73  5:16  Supply Depot  
  73  5:19  Factory Reactor  
  73  5:21  SCV x2  
  75  5:31  Marine x2  
  75  5:34  Marauder x2  
  81  5:37  Supply Depot  
  81  5:38  Supply Depot  
  81  5:46  Medivac x2  
  81  5:49  Marine x2  
  87  5:55  Widow Mine, Marauder x2  
  87  5:56  Widow Mine  
  95  6:01  Concussive Shells  
  95  6:05  SCV x2  
  95  6:07  Marine x2  
  95  6:10  Command Center  
  95  6:11  Supply Depot  
  97  6:19  Medivac x2  
  97  6:22  Widow Mine x2  
  105  6:26  SCV x2  
  105  6:29  Marauder x2  
  111  6:36  Barracks  
  111  6:39  Marine x2  
  113  6:40  SCV  
  113  6:44  Barracks  
  114  6:47  Terran Infantry Armor Level 1  
  114  6:48  Supply Depot  
  114  6:51  Marauder  
  114  6:52  Marauder  
  118  6:57  Marine x2  
  118  6:58  SCV  
  118  7:09  Widow Mine x2  
  118  7:10  SCV x2  
  118  7:12  Marine  
  125  7:23  Orbital Command  
  125  7:25  SCV x2  
  125  7:26  Marauder  
  119  7:30  Widow Mine x2  
  119  7:34  Medivac x2  
  124  7:40  SCV  
  124  7:43  Armory, SCV  
  124  7:44  Barracks Tech Lab, Marauder, Engineering Bay  
  124  7:45  Barracks Reactor  
  124  7:47  Marauder  
  128  7:51  Widow Mine x2, SCV  
  128  7:52  SCV  
  128  7:55  SCV  
  128  7:56  Supply Depot  
  133  8:01  Marine  
  133  8:02  Marine  
  133  8:03  SCV  
  133  8:04  SCV, Medivac x2  
  133  8:05  Marauder  
  143  8:08  Marauder  
  143  8:09  Marauder  
  147  8:13  Supply Depot  
  147  8:15  Supply Depot  
  147  8:16  SCV x2  
  147  8:17  SCV  
  147  8:19  Marine  
  143  8:28  SCV  
  139  8:35  SCV  
  140  8:44  Terran Infantry Weapons Level 2  
  140  8:48  SCV  
  140  8:49  Marine x3  
  140  8:55  Marauder x2  
  144  8:58  Viking x2  
  142  9:04  SCV, Refinery  
  142  9:05  SCV x2  
  142  9:08  Refinery  
  145  9:16  Marine x4, Supply Depot  
  145  9:17  SCV x3  
  149  9:23  Missile Turret  
  147  9:28  Viking x2  
  147  9:29  SCV x3  
  154  9:35  Terran Infantry Armor Level 2  
  154  9:38  Ghost Academy  
  154  9:41  SCV  
  154  9:45  Supply Depot  
  155  9:47  Marauder x2  
  155  9:48  Marine x2, Marauder  
  163  9:56  Marine x2  
  163  9:58  Viking x2  
  169  10:02  Command Center  
  169  10:09  SCV x3  
  169  10:12  Ghost x3  
  169  10:13  Marine x2  
  169  10:14  Marine x2  
  179  10:21  Supply Depot, SCV x2  
  179  10:24  Missile Turret  
  179  10:28  Viking  
  179  10:31  Marine x2  
  179  10:32  Marine x2  
  183  10:35  Viking  
  183  10:42  Marauder x3  
  189  10:49  Marine x3  
  192  10:59  Marine  
  192  11:03  Marauder x3  
  191  11:07  Marine x2  
  174  11:11  Marine  
  174  11:17  Marine  
  174  11:18  Planetary Fortress  
  174  11:23  SCV x3  
  174  11:24  Marine, Marauder x2  
  174  11:25  Marauder  
  183  11:30  Missile Turret  
  183  11:34  Marine x2  
  183  11:35  SCV x2, Marine  
  188  11:42  SCV, Marine  
  181  11:47  SCV x2  
Tags
 
Add a new tag
Caveats
  • Supply blocks, unpowered buildings, or Contaminate may cause inaccurate times.
  • Supply counts are checked every 10 seconds.